 Dungeon Crawl Stone Soup version 0.25-b1-37-g2669288c55 (webtiles) character file.

Game seed: 9309240298546955158

64704 Chiseanne the Fighter (level 15, -11/119 HPs)
             Began as a Gnoll Wanderer on June 4, 2020.
             Was an Initiate of Gozag.
             Mangled by an ettin
             ... wielding a +0 dire flail
              (30 damage)
             ... on level 2 of the Orcish Mines.
             The game lasted 01:27:21 (19594 turns).

Chiseanne the Fighter (Gnoll Wanderer)             Turns: 19594, Time: 01:27:21

Health: -11/119    AC: 24    Str: 23    XL:     15   Next: 13%
Magic:  28/28      EV: 16    Int: 17    God:    Gozag
Gold:   1871       SH: 13    Dex: 18    Spells: 18/33 levels left

rFire    + + .     SeeInvis .   a - +4 spear (venom)
rCold    + + .     Gourm    .   f - +1 kite shield {reflect}
rNeg     + . .     Faith    +   u - +4 plate armour of the Evening {rPois rC+ rCorr}
rPois    +         Spirit   .   x - +0 helmet "Todant" {rElec rC+}
rElec    +         Reflect  +   h - scarf {repulsion}
rCorr    +         Harm     .   D - +0 pair of gloves
MR       +....                  Q - +2 pair of boots of Yredelemnul's Reproof {rPois rN+ Int+2 Dex+3 Stlth-}
Stlth    ..........             y - amulet "Vafer" {Faith rElec rPois rF++ Dex-3}
HPRegen  0.29/turn              Z - +6 ring of strength
MPRegen  0.21/turn              K - +4 ring of evasion

@: repel missiles
A: distributed training, fangs 1, strong nose
a: Potion Petition, Call Merchant, Bribe Branch, Renounce Religion


You were on level 2 of the Orcish Mines.
You worshipped Gozag.
Gozag was most pleased with you.
You were full.

You visited 3 branches of the dungeon, and saw 18 of its levels.

You collected 5583 gold pieces.
You spent 2398 gold pieces at shops.
You paid 1314 gold pieces to Gozag.

Inventory:

Hand Weapons
 a - a +4 spear of venom (weapon)
 d - a +4 scimitar of flaming
 s - a +2 morningstar of protection
 B - a +1 broad axe
Missiles
 c - 30 poisoned darts
 k - 138 sling bullets
 r - 27 boomerangs (quivered)
 E - 81 bolts
 G - 3 throwing nets {!*}
 O - 4 atropa-tipped darts
 T - 7 javelins
 U - 14 curare-tipped darts
Armour
 f - a +1 kite shield of reflection (worn)
 h - a scarf of repulsion (worn)
 u - the +4 plate armour of the Evening (worn) {rPois rC+ rCorr}
   (You bought it in a shop on level 11 of the Dungeon)

   It protects you from cold.
   It protects you from poison.
   It provides partial protection from all sources of acid and corrosion.
 x - the +0 helmet "Todant" (worn) {rElec rC+}
   (You found it on level 5 of the Dungeon)

   It protects you from cold.
   It insulates you from electricity.
 D - a +0 pair of gloves (worn)
 Q - the +2 pair of boots of Yredelemnul's Reproof (worn) {rPois rN+ Int+2 Dex+3 Stlth-}
   (You bought it in a shop on level 11 of the Dungeon)

   It affects your intelligence (+2).
   It affects your dexterity (+3).
   It protects you from poison.
   It protects you from negative energy.
   It makes you less stealthy.
Jewellery
 y - the amulet "Vafer" (around neck) {Faith rElec rPois rF++ Dex-3}
   (You bought it in a shop on level 8 of the Dungeon)

   [amulet of faith]

   It allows you to gain divine favour quickly.
   It affects your dexterity (-3).
   It greatly protects you from fire.
   It insulates you from electricity.
   It protects you from poison.
 J - an uncursed ring of see invisible
 K - a +4 ring of evasion (right hand)
 Z - a +6 ring of strength (left hand)
Wands
 m - a wand of polymorph (5)
 t - a wand of flame (16)
 w - a wand of disintegration (7)
 M - a wand of acid (13)
Scrolls
 b - 5 scrolls of teleportation
 i - 4 scrolls of fog
 o - 8 scrolls of remove curse
 v - 2 scrolls of identify
 C - 3 scrolls of blinking
 F - 4 scrolls of immolation
 S - a scroll of fear
Potions
 e - a potion of haste
 j - 3 potions of stabbing
 l - a potion of heal wounds
 q - a potion of berserk rage
 z - 4 potions of curing
 A - 3 potions of cancellation
 N - 2 potions of flight
Miscellaneous
 g - a tin of tremorstones (inert)
 n - a phantom mirror
 p - a phial of floods
 Y - a lightning rod (inert)
Comestibles
 V - 20 rations


   Skills:
 + Level 11.5 Fighting
 + Level 9.6 Short Blades
 + Level 9.6 Long Blades
 + Level 9.6 Axes
 + Level 9.6 Maces & Flails
 + Level 9.6 Polearms
 + Level 10.6 Staves
 + Level 9.6 Slings
 + Level 10.0 Bows
 + Level 9.6 Crossbows
 + Level 10.0 Throwing
 + Level 10.0 Armour
 + Level 10.0 Dodging
 + Level 9.6 Stealth
 + Level 9.6 Shields
 + Level 9.6 Unarmed Combat
 + Level 9.6 Spellcasting
 + Level 8.1 Conjurations
 + Level 8.1 Hexes
 + Level 8.1 Charms
 + Level 8.1 Summonings
 + Level 8.1 Necromancy
 + Level 8.1 Translocations
 + Level 8.1 Transmutations
 + Level 8.1 Fire Magic
 + Level 8.1 Ice Magic
 + Level 8.1 Air Magic
 + Level 8.1 Earth Magic
 + Level 8.1 Poison Magic
 + Level 10.5 Invocations
 + Level 10.0 Evocations


You had 18 spell levels left.
You knew the following spells:

 Your Spells              Type           Power        Failure   Level  Hunger
a - Blink                 Tloc           N/A          12%         2    None
b - Ignite Poison         Fire/Tmut/Pois #####...     22%         3    None
c - Olgreb's Toxic Radia  Pois           #####...     58%         4    ###....
d - Mephitic Cloud        Conj/Pois/Air  #####...     22%         3    None
e - Apportation           Tloc           #####.       8%          1    None
f - Ensorcelled Hibernat  Hex/Ice        #####.       12%         2    None

Your spell library contained the following spells:

 Spells                   Type           Power        Failure   Level  Hunger
 Animate Skeleton         Necr           N/A          8%          1    None
 Corona                   Hex            #####..      8%          1    None
 Magic Dart               Conj           ####         8%          1    None
 Sting                    Tmut/Pois      ####         8%          1    None
 Summon Small Mammal      Summ           ####         8%          1    None
 Call Imp                 Summ           #####...     12%         2    None
 Poisonous Vapours        Pois/Air       #####.       12%         2    None
 Slow                     Hex            #####...     12%         2    None
 Confusing Touch          Hex            #####...     22%         3    None
 Conjure Flame            Conj/Fire      #####...     22%         3    None
 Dazzling Flash           Conj/Hex       #####.       22%         3    None
 Gell's Gravitas          Tloc           #####.....   22%         3    None
 Recall                   Summ/Tloc      N/A          22%         3    None
 Tukima's Dance           Hex            #####...     22%         3    None
 Petrify                  Tmut/Erth      #####...     58%         4    ###....
 Aura of Abjuration       Summ           #####.....   91%         5    #####..
 Metabolic Englaciation   Hex/Ice        #####.....   91%         5    #####..
 Summon Demon             Summ           #####.....   91%         5    #####..
 Summon Forest            Summ/Tloc      #####.....   91%         5    #####..
 Summon Mana Viper        Hex/Summ       #####...     91%         5    #####..
 Yara's Violent Unravell  Hex/Tmut       #####.....   91%         5    #####..
 Shadow Creatures         Summ           N/A          100%        6    ######.


Dungeon Overview and Level Annotations

Branches:
Dungeon (15/15)            Temple (1/1) D:7            Lair (0/6) D:9
    Orc (2/2) D:11            Elf (0/3) Orc:2        Vaults (0/5) D:13
 Depths (0/5) D:15

Altars:
Ashenzari
Cheibriados
Dithmenos
Elyvilon
Fedhas
Gozag
Hepliaklqana
Kikubaaqudgha
Nemelex Xobeh
Okawaru
Qazlal
Ru
Trog
Vehumet
Wu Jian
Xom
Yredelemnul
Zin
The Shining One
Beogh

Shops:
D:5 %   D:7 =   D:8 =   D:9 (   D:11 ([   D:15 *   Orc:2 %:

Annotations:
D:10 exclusion: 2 doors
D:14 2 transporters, Cofimnas's ghost, journeyman FoFi


Innate Abilities, Weirdness & Mutations

Your experience applies equally to all skills.
You have very sharp teeth.
Your uncanny sense of smell can sniff out nearby items.


Message History

You hit the ettin but do no damage.
The ettin looks as sick as possible!
The ettin is moderately wounded.
The ettin hits you with a +0 dire flail!
You block the ettin's attack.
An orc priest comes into view.
The orc priest invokes the aid of Beogh against you.
Beogh smites you!
The orc priest shouts!
The orc priest invokes the aid of Beogh against you.
Beogh smites you!
You closely miss the orc priest.
The orc priest invokes the aid of Beogh against you.
Beogh smites you!
* * * LOW HITPOINT WARNING * * *
Your shield and plate armour of the Evening prevent you from hitting the orc priest.
The ettin hits you with a +0 dire flail!
* * * LOW HITPOINT WARNING * * *
The ettin hits you with a +0 great mace!!
You die...
Your body crumbles into a pile of gold.

#..#.....#.###.###.#...
#..#.._..#.# #.# #.#...
##..#######.###.###.####
........................
.......................
#o....................
#.................#...
#...o...$.............
.#....@.#..............
.......C.$.......<......
...<....................
...........$............
.##.##.................#
...................#.##
.....................#.#
.#......................
...................#.#


You could see an ettin (extremely poisoned) and 2 orc priests.

Vanquished Creatures
  2 tengu reavers (D:13)
  An ettin (D:15)
  A rakshasa (D:15)
  4 centaur warriors
  11 two-headed ogres
  7 ogre magi
  3 tengu warriors
  5 orc high priests
  A fire crab (D:11)
  2 unseen horrors
  3 wizards (D:12)
  A flayed ghost (D:10)
  An orc knight (D:11)
  A deep elf mage (D:12)
  4 orc sorcerers
  4 cyclopes
  8 ugly things
  A black mamba (shapeshifter) (D:11)
  2 gargoyles
  2 efreet
  A kobold demonologist (D:12)
  2 ice devils (D:13)
  A queen bee (D:13)
  3 hornets
  6 trolls
  3 meliai (D:13)
  A harpy zombie (D:14)
  17 slime creatures
  7 hippogriffs
  A redback (D:13)
  A vampire (D:12)
  2 wraiths
  3 shadows
  A tarantella (shapeshifter) (D:11)
  2 wyverns
  4 basilisks
  10 yaks
  A hungry ghost (D:15)
  12 vampire mosquitoes
  Menkaure (D:4)
  A soldier ant (D:15)
  10 wargs
  2 water moccasins
  4 ice beasts
  16 orc warriors
  6 sky beasts
  2 porcupines (D:9)
  An eye of draining (D:13)
  A hornet zombie (D:10)
  A black bear (D:13)
  4 phantoms
  A necrophage (D:10)
  6 ogres
  15 centaurs
  2 crocodiles
  4 big kobolds
  Blork the orc (D:4)
  7 bullfrogs
  A gnoll sergeant (D:11)
  2 wyvern skeletons
  A hornet simulacrum (D:10)
  5 scorpions
  47 killer bees
  10 wights
  A howler monkey (D:5)
  11 crimson imps
  3 centaur zombies
  5 hounds
  8 centaur skeletons
  3 quasits
  2 bullfrog zombies
  A jelly (D:5)
  35 orc priests
  3 bullfrog skeletons (D:12)
  Ijyb (D:4)
  Terence (D:3)
  2 iguanas (D:10)
  14 worker ants
  20 orc wizards
  2 hound zombies
  9 adders
  9 gnolls
  A howler monkey skeleton (D:4)
  5 shadow imps
  2 oozes
  An adder skeleton (D:8)
  A worm (D:2)
  5 dart slugs
  3 leopard geckos
  79 orcs
  3 giant cockroaches
  8 goblins
  11 hobgoblins
  19 jackals
  5 quokkas
  A ball python (D:3)
  2 bats
  A frilled lizard (D:1)
  11 kobolds
  A leopard gecko zombie (D:7)
  A rat (D:3)
  2 fungi (D:9)
  A plant (D:9)
586 creatures vanquished.

Vanquished Creatures (others)
  2 dancing weapons (D:13)
  A hell knight (D:15)
  A tengu conjurer (D:15)
  A fungus (D:15)
5 creatures vanquished.

Grand Total: 591 creatures vanquished

Notes
Turn   | Place    | Note
-------+----------+-------------------------------------------
     0 | D:1      | Chiseanne the Gnoll Wanderer began the quest for the Orb.
     0 | D:1      | Chiseanne set off with the following items: a +2
                  | quarterstaff, a +0 ring mail, a potion of curing, a ration
     0 | D:1      | Reached XP level 1. HP: 23/23 MP: 2/2
    63 | D:1      | Reached XP level 2. HP: 29/29 MP: 3/3
   213 | D:2      | Reached XP level 3. HP: 35/35 MP: 4/4
   701 | D:2      | Reached skill level 1 in Invocations
   707 | D:2      | Reached skill level 1 in Short Blades
   707 | D:2      | Reached skill level 1 in Long Blades
   707 | D:2      | Reached skill level 1 in Axes
   707 | D:2      | Reached skill level 1 in Maces & Flails
   707 | D:2      | Reached skill level 1 in Polearms
   707 | D:2      | Reached skill level 1 in Slings
   707 | D:2      | Reached skill level 1 in Crossbows
   707 | D:2      | Reached skill level 1 in Stealth
   707 | D:2      | Reached skill level 1 in Shields
   707 | D:2      | Reached skill level 1 in Unarmed Combat
   707 | D:2      | Reached skill level 1 in Spellcasting
   952 | D:1      | Reached XP level 4. HP: 40/41 MP: 6/6
  1299 | D:2      | Reached skill level 1 in Conjurations
  1299 | D:2      | Reached skill level 1 in Hexes
  1299 | D:2      | Reached skill level 1 in Charms
  1299 | D:2      | Reached skill level 1 in Summonings
  1299 | D:2      | Reached skill level 1 in Necromancy
  1299 | D:2      | Reached skill level 1 in Translocations
  1299 | D:2      | Reached skill level 1 in Transmutations
  1299 | D:2      | Reached skill level 1 in Fire Magic
  1299 | D:2      | Reached skill level 1 in Ice Magic
  1299 | D:2      | Reached skill level 1 in Air Magic
  1299 | D:2      | Reached skill level 1 in Earth Magic
  1299 | D:2      | Reached skill level 1 in Poison Magic
  1307 | D:2      | Found a sacrificial altar of Ru.
  1395 | D:2      | Reached XP level 5. HP: 45/47 MP: 7/7
  1814 | D:3      | Noticed Terence
  1829 | D:3      | Killed Terence
  1982 | D:4      | Noticed Menkaure
  1993 | D:4      | Killed Menkaure
  1993 | D:4      | Reached skill level 5 in Staves
  1993 | D:4      | Reached XP level 6. HP: 53/53 MP: 8/8
  2565 | D:4      | Found a sparkling altar of Nemelex Xobeh.
  2565 | D:4      | Found a shadowy altar of Dithmenos.
  2567 | D:4      | Noticed Blork the orc
  2567 | D:4      | Noticed Ijyb
  2584 | D:4      | Killed Ijyb
  2730 | D:4      | Killed Blork the orc
  2730 | D:4      | Reached XP level 7. HP: 48/59 MP: 10/10
  2851 | D:5      | Entered Level 5 of the Dungeon
  2901 | D:5      | Reached skill level 7 in Fighting
  3113 | D:5      | Found Zamume's Food Shoppe.
  3275 | D:5      | Reached XP level 8. HP: 60/67 MP: 12/12
  3477 | D:5      | Got an encrusted helmet
  3488 | D:5      | Identified the +0 helmet "Todant" {rElec rC+} (You found it
                  | on level 5 of the Dungeon)
  4022 | D:6      | Got a dazzling cloak
  4103 | D:5      | Identified the +0 cloak of the Orange Skies {Int+7} (You
                  | found it on level 6 of the Dungeon)
  4176 | D:6      | Found an ancient bone altar of Kikubaaqudgha.
  4360 | D:6      | Learned a level 2 spell: Blink
  4364 | D:6      | Learned a level 3 spell: Mephitic Cloud
  4410 | D:7      | Reached XP level 9. HP: 62/72 MP: 14/14
  4462 | D:6      | Paralysed by an orc priest for 6 turns
  4836 | D:7      | Found a shattered altar of Ashenzari.
  4948 | D:7      | Found a shimmering altar of Xom.
  5101 | D:7      | Found Boshec's Jewellery Boutique.
  5108 | D:7      | Found a blossoming altar of Fedhas.
  5239 | D:7      | Found a staircase to the Ecumenical Temple.
  5258 | Temple   | Entered the Ecumenical Temple
  5318 | Temple   | Became a worshipper of Gozag Ym Sagoz the Greedy
  5334 | D:7      | Found an ornate altar of the Wu Jian Council.
  5390 | D:7      | Found a hazy altar of Hepliaklqana.
  5524 | D:8      | Found a glowing silver altar of Zin.
  5681 | D:8      | Found Ypuruitu's Jewellery Shop.
  5694 | D:8      | Bought an uncursed ring of see invisible for 150 gold
                  | pieces
  5731 | D:8      | Reached skill level 5 in Bows
  5731 | D:8      | Reached skill level 5 in Throwing
  5731 | D:8      | Reached skill level 5 in Armour
  5731 | D:8      | Reached skill level 5 in Dodging
  5731 | D:8      | Reached skill level 5 in Evocations
  6058 | D:8      | Reached skill level 8 in Fighting
  6300 | D:9      | Reached skill level 5 in Invocations
  6516 | D:9      | Found a radiant altar of Vehumet.
  6549 | D:9      | Noticed a two-headed ogre
  6573 | D:9      | Killed a two-headed ogre
  6573 | D:9      | Reached XP level 10. HP: 70/80 MP: 12/17
  6589 | D:9      | Found an iron altar of Okawaru.
  6649 | D:9      | Reached skill level 5 in Short Blades
  6649 | D:9      | Reached skill level 5 in Long Blades
  6649 | D:9      | Reached skill level 5 in Axes
  6649 | D:9      | Reached skill level 5 in Maces & Flails
  6649 | D:9      | Reached skill level 5 in Polearms
  6649 | D:9      | Reached skill level 5 in Slings
  6649 | D:9      | Reached skill level 5 in Crossbows
  6649 | D:9      | Reached skill level 5 in Stealth
  6649 | D:9      | Reached skill level 5 in Shields
  6649 | D:9      | Reached skill level 5 in Unarmed Combat
  6649 | D:9      | Reached skill level 5 in Spellcasting
  6741 | D:9      | Found a sparkling altar of Nemelex Xobeh.
  6921 | D:9      | Found a stormy altar of Qazlal.
  7013 | D:9      | Found a staircase to the Lair.
  7207 | D:9      | Got an emerald-encrusted leather armour
  7243 | D:9      | Identified the +0 leather armour of Impressiveness {MR+
                  | Regen+ Int-2 Dex+2} (You found it on level 9 of the
                  | Dungeon)
  7326 | D:10     | Entered Level 10 of the Dungeon
  7337 | D:10     | Found a large runed translucent door.
  7337 | D:10     | Found a large runed translucent door.
  7338 | D:10     | Noticed a cyan ugly thing
  8240 | D:10     | Noticed an unseen horror
  8253 | D:10     | Killed an unseen horror
  8253 | D:10     | Reached XP level 11. HP: 80/87 MP: 19/19
  8420 | D:10     | Found a sparkling altar of Nemelex Xobeh.
  8420 | D:10     | Noticed a flayed ghost
  8437 | D:10     | Killed a flayed ghost
  8449 | D:10     | Found a basalt altar of Yredelemnul.
  8449 | D:10     | Noticed a swamp dragon
  8471 | D:10     | Killed a cyan ugly thing
  8529 | D:11     | Found Cielaahi's Weapon Shop.
  8529 | D:11     | Found a staircase to the Orcish Mines.
  8538 | D:10     | Reached skill level 9 in Fighting
  8632 | D:10     | Reached skill level 5 in Conjurations
  8632 | D:10     | Reached skill level 5 in Hexes
  8632 | D:10     | Reached skill level 5 in Charms
  8632 | D:10     | Reached skill level 5 in Summonings
  8632 | D:10     | Reached skill level 5 in Necromancy
  8632 | D:10     | Reached skill level 5 in Translocations
  8632 | D:10     | Reached skill level 5 in Transmutations
  8632 | D:10     | Reached skill level 5 in Fire Magic
  8632 | D:10     | Reached skill level 5 in Ice Magic
  8632 | D:10     | Reached skill level 5 in Air Magic
  8632 | D:10     | Reached skill level 5 in Earth Magic
  8632 | D:10     | Reached skill level 5 in Poison Magic
  8715 | D:11     | Noticed a purple ugly thing
  8763 | D:10     | Killed a purple ugly thing
  9145 | D:11     | Noticed a fire crab
  9169 | D:11     | Killed a fire crab
  9268 | D:11     | Noticed a cyclops
  9291 | D:11     | Killed a cyclops
  9404 | D:8      | Bought an uncursed ring of poison resistance for 200 gold
                  | pieces
  9404 | D:8      | Bought a cursed ring of teleportation for 45 gold pieces
  9508 | D:11     | Noticed a fire crab
  9509 | D:11     | Identified the +5 fire dragon scales of Wariness {rF++ rC-
                  | Dex+6}
  9517 | D:11     | a fire crab changed into a queen bee
  9533 | D:11     | Noticed a white ugly thing
  9607 | D:11     | Killed a white ugly thing
  9895 | D:11     | Noticed an unseen horror
  9954 | D:11     | Killed an unseen horror
  9954 | D:11     | Reached XP level 12. HP: 73/96 MP: 22/22
 10383 | D:11     | Found Kiefif's Antique Armour Shop.
 10397 | D:11     | Bought a pair of scorched boots for 247 gold pieces
 10397 | D:11     | Bought a shimmering plate armour for 728 gold pieces
 10408 | D:11     | Identified the +2 pair of boots of Yredelemnul's Reproof
                  | {rPois rN+ Int+2 Dex+3 Stlth-} (You bought it in a shop on
                  | level 11 of the Dungeon)
 10425 | D:11     | Identified the +4 plate armour of the Evening {rPois rC+
                  | rCorr} (You bought it in a shop on level 11 of the Dungeon)
 11046 | D:12     | Noticed a tengu warrior
 11060 | D:12     | Killed a tengu warrior
 11289 | D:12     | Found an opulent altar of Gozag.
 11366 | D:12     | Noticed an ogre mage
 11367 | D:12     | Noticed an ogre mage
 11367 | D:12     | Noticed an ogre mage
 11371 | D:12     | Killed an ogre mage
 11372 | D:12     | Killed an ogre mage
 11372 | D:12     | Killed an ogre mage
 11372 | D:12     | Reached skill level 10 in Fighting
 11515 | D:12     | Found the +12 glaive of Prune {vorpal}
 11717 | D:12     | Noticed a two-headed ogre
 11727 | D:12     | Killed a two-headed ogre
 11727 | D:12     | Reached XP level 13. HP: 103/103 MP: 24/24
 11904 | D:13     | Found a gate to the Vaults.
 12508 | D:13     | Noticed a tengu reaver
 12510 | D:13     | Noticed a tengu reaver
 12549 | D:13     | Killed a tengu reaver
 13160 | D:13     | Killed a tengu reaver
 13855 | D:13     | Learned a level 3 spell: Ignite Poison
 13860 | D:13     | Learned a level 4 spell: Olgreb's Toxic Radiance
 13956 | D:14     | Found a transporter.
 13962 | D:14     | Noticed Cofimnas's ghost (journeyman FoFi)
 13969 | D:14     | Found a transporter.
 13988 | D:14     | Noticed a vampire knight
 14048 | D:14     | Reached XP level 14. HP: 106/111 MP: 26/26
 14191 | D:14     | Found a shimmering altar of Xom.
 14194 | D:14     | Found a shimmering altar of Xom.
 14195 | D:14     | Found a shimmering altar of Xom.
 14195 | D:14     | Found a shimmering altar of Xom.
 14876 | D:15     | Entered Level 15 of the Dungeon
 14880 | D:15     | Reached skill level 10 in Staves
 15114 | D:15     | Reached skill level 11 in Fighting
 15282 | D:15     | Learned a level 1 spell: Apportation
 15285 | D:15     | Learned a level 2 spell: Ensorcelled Hibernation
 15490 | D:15     | Found a staircase to the Depths.
 15497 | D:15     | Paralysed by an ogre mage for 7 turns
 15511 | D:15     | Reached skill level 10 in Invocations
 15842 | D:15     | Bought a scroll of teleportation for 93 gold pieces
 15842 | D:15     | Bought a scroll of identify for 62 gold pieces
 15842 | D:15     | Bought a scroll of identify for 62 gold pieces
 15994 | D:8      | Bought the amulet "Vafer" {Faith rElec rPois rF++ Dex-3}
                  | for 694 gold pieces
 16076 | Orc:1    | Entered Level 1 of the Orcish Mines
 16847 | D:11     | Bought a pair of gloves for 117 gold pieces
 16877 | Orc:2    | Entered Level 2 of the Orcish Mines
 16893 | Orc:2    | Found a staircase to the Elven Halls.
 17369 | Orc:1    | Paralysed by an orc sorcerer for 2 turns
 17374 | Orc:1    | Paralysed by an orc sorcerer for 7 turns
 17382 | Orc:1    | Reached XP level 15. HP: 58/119 MP: 28/28
 18550 | Orc:2    | Reached skill level 10 in Bows
 18550 | Orc:2    | Reached skill level 10 in Throwing
 18550 | Orc:2    | Reached skill level 10 in Armour
 18550 | Orc:2    | Reached skill level 10 in Dodging
 18550 | Orc:2    | Reached skill level 10 in Evocations
 18606 | Orc:2    | Found a roughly hewn altar of Beogh.
 19134 | Orc:2    | Found Belup's Food Boutique.
 19337 | Orc:2    | Found Umiric's Book Emporium.
 19594 | Orc:2    | Mangled by an ettin

Illustrated notes

Levels and vault maps discovered:
D:1:      shiori_shiawase, layout_basic
D:2:      layout_rooms, nicolae_ru_awakened_eye
D:3:      layout_loops_ring, lightli_temple_of_fire, first_ration, uniq_terence
D:4:      layout_basic, chequers_temple_overflow_statue_of_worship,
          uniq_blork_the_orc, uniq_menkaure, uniq_ijyb
D:5:      layout_layer_cave, nicolae_overflow_hidden_temple,
          kennysheep_windowed_goal
D:6:      layout_gridville, basic_altar
D:7:      layout_basic, lemuel_round_altar, nicolae_overflow_crystal_walls,
          kennysheep_mini_moat, lemuel_crystal_altar, old_standard_altar,
          minmay_temple_entry_purple_smoke, serial_shops, shop, basic_altar,
          grunt_ogre_cave, nrook_campfire
D:8:      layout_loops_cross, zin_treasury, serial_shops, nicolae_shop_crystal
D:9:      layout_loops_cross, kennysheep_okawaru_gauntlet, lemuel_round_altar,
          grunt_lair_entry_orc_guard_hut, basic_altar,
          nicolae_qazlal_style_of_elements
D:10:     layout_grid_maze, jmf_multi_god_temple2
D:11:     minmay_the_grid_square_5x5_4x4_mashed
          [minmay_the_grid_square_5x5_plus, minmay_the_grid_square_5x5_moneybag,
          minmay_the_grid_square_5x5_corner,
          minmay_the_grid_square_5x5_misaligned,
          minmay_the_grid_square_5x5_three_walls,
          minmay_the_grid_square_5x5_prize_snowflake,
          minmay_the_grid_square_5x5_prize_pseudospiral,
          minmay_the_grid_square_5x5_three, minmay_the_grid_square_5x5_slash,
          minmay_the_grid_square_5x5_prize_deathbox,
          minmay_the_grid_square_5x5_prize_itemx,
          minmay_the_grid_square_5x5_percent,
          minmay_the_grid_square_5x5_detours,
          minmay_the_grid_square_5x5_pentomino_r,
          minmay_the_grid_square_5x5_fat_x,
          minmay_the_grid_square_5x5_two_small], layout_cave_pods, orc_david_3,
          serial_shops, nicolae_shop_overgrown_old_shop
D:12:     layout_rooms, basic_altar, minmay_guarded_unrand_prune
D:13:     regret_index_wax_grids, layout_basic, erik_vaults_1,
          portal_ice_cave_demonic_guard
D:14:     layout_cave_pools, gammafunk_ghost_mausoleum,
          minmay_misc_feat_four_crosses, minivault_25_ag, xom_redecorated
D:15:     hangedman_depths_entry_civil_slaughter, layout_long_grid,
          serial_shops, shop, tso_altar, water_boxes_lemuel
Temple:   dpeg_three_leaves_temple
Orc:1:    layout_caves
Orc:2:    st_orc_town, layout_caves

Skill      XL: |  1  2  3  4  5  6  7  8  9 10 11 12 13 14 15 |
---------------+----------------------------------------------+-----
Invocations    | 1 2 3 4 5 6 7 8 9 10 | 10.5
Short Blades   | 1 2 3 4 5 6 7 8 9 |  9.6
Long Blades    | 1 2 3 4 5 6 7 8 9 |  9.6
Axes           | 1 2 3 4 5 6 7 8 9 |  9.6
Maces & Flails | 1 2 3 4 5 6 7 8 9 |  9.6
Polearms       | 1 2 3 4 5 6 7 8 9 |  9.6
Slings         | 1 2 3 4 5 6 7 8 9 |  9.6
Crossbows      | 1 2 3 4 5 6 7 8 9 |  9.6
Stealth        | 1 2 3 4 5 6 7 8 9 |  9.6
Shields        | 1 2 3 4 5 6 7 8 9 |  9.6
Unarmed Combat | 1 2 3 4 5 6 7 8 9 |  9.6
Spellcasting   | 1 2 3 4 5 6 7 8 9 |  9.6
Conjurations   | 1 2 3 4 5 6 7 8 |  8.1
Hexes          | 1 2 3 4 5 6 7 8 |  8.1
Charms         | 1 2 3 4 5 6 7 8 |  8.1
Summonings     | 1 2 3 4 5 6 7 8 |  8.1
Necromancy     | 1 2 3 4 5 6 7 8 |  8.1
Translocations | 1 2 3 4 5 6 7 8 |  8.1
Transmutations | 1 2 3 4 5 6 7 8 |  8.1
Fire Magic     | 1 2 3 4 5 6 7 8 |  8.1
Ice Magic      | 1 2 3 4 5 6 7 8 |  8.1
Air Magic      | 1 2 3 4 5 6 7 8 |  8.1
Earth Magic    | 1 2 3 4 5 6 7 8 |  8.1
Poison Magic   | 1 2 3 4 5 6 7 8 |  8.1
Bows           | 3 4 5 6 7 8 9 10 | 10.0
Throwing       | 3 4 5 6 7 8 9 10 | 10.0
Armour         | 3 4 5 6 7 8 9 10 | 10.0
Dodging        | 3 4 5 6 7 8 9 10 | 10.0
Evocations     | 3 4 5 6 7 8 9 10 | 10.0
Staves         | 5 6 7 8 9 10 | 10.6
Fighting       | 7 8 9 10 11 | 11.5

Action                   |  1- 3 |  4- 6 |  7- 9 | 10-12 | 13-15 || total
-------------------------+-------+-------+-------+-------+-------++-------
Melee: Quarterstaff      |    41 |       |       |       |       ||    41
       Bite              |     3 |    22 |    46 |   139 |   262 ||   472
       Spear             |     7 |   164 |   354 |   667 |   829 ||  2021
       Unarmed           |       |     7 |       |       |       ||     7
       Morningstar       |       |       |    18 |   125 |   345 ||   488
       Scimitar          |       |       |       |    15 |     9 ||    24
Throw: Dart              |       |     3 |     8 |     3 |       ||    14
       Boomerang         |       |       |    13 |    56 |   103 ||   172
 Cast: Mephitic Cloud    |       |       |     2 |    11 |     8 ||    21
Invok: Call Merchant     |       |       |       |     1 |     1 ||     2
Evoke: Wand              |       |       |     6 |    18 |    12 ||    36
       Lightning rod     |       |       |       |     4 |    10 ||    14
       Tin of tremorston |       |       |       |     4 |     4 ||     8
  Use: Potion            |     1 |     2 |       |     2 |     2 ||     7
       Scroll            |       |    12 |     9 |     9 |     8 ||    38
 Stab: Sleeping          |       |       |     6 |     9 |     3 ||    18
       Distracted        |       |       |     2 |    10 |    12 ||    24
       Confused          |       |       |     1 |     4 |     9 ||    14
       Paralysed         |       |       |       |     9 |       ||     9
       Invisible         |       |       |       |       |     1 ||     1
  Eat: Chunk             |       |     6 |     8 |       |       ||    14
       Ration            |       |       |     2 |     6 |     8 ||    16
Armor: Ring mail         |     9 |    51 |    72 |    98 |       ||   230
       Skin              |       |     2 |       |       |       ||     2
       Fire dragon scale |       |       |       |    42 |   160 ||   202
       Plate armour      |       |       |       |       |    99 ||    99
Dodge: Dodged            |    42 |    92 |   163 |   407 |   536 ||  1240
       Repelled          |     1 |     2 |       |     5 |    11 ||    19
Block: Buckler           |       |    21 |   138 |   402 |       ||   561
       Reflection        |       |     1 |     3 |     5 |    38 ||    47
       Kite shield       |       |       |       |    24 |   929 ||   953
       Rpst.: Scimitar   |       |       |       |     1 |     1 ||     2
